 Dungeon Crawl Stone Soup version 0.28-a0-503-g83f2989fac (webtiles) character file.

Game seed: 6523612094202481488

123 willcat the Sneak (level 5, 0/36 HPs)
             Began as an Octopode Delver on Sept 20, 2021.
             Slain by a sky beast (4 damage)
             ... on level 6 of the Dungeon.
             The game lasted 00:00:33 (476 turns).

willcat the Sneak (Octopode Delver)                  Turns: 476, Time: 00:00:34

Health: 0/36       AC:  1    Str: 11    XL:     5   Next: 7%
Magic:  5/5        EV: 14    Int: 13    God:
Gold:   17         SH:  0    Dex: 14    Spells: 4/4 levels left

rFire   . . .      SeeInvis .   a - +0 short sword
rCold   . . .      Faith    .   (no shield)
rNeg    . . .      Spirit   .   (helmet restricted)
rPois   .          Reflect  .   (no amulet)
rElec   .          Harm     .   (no ring)
rCorr   .          Rampage  .   (no ring)
Will    .....                   (no ring)
Stlth   +++++.....              (no ring)
HPRegen 0.12/turn               (no ring)
MPRegen 0.09/turn               (no ring)
                                (no ring)
                                (no ring)

@: no status effects
A: almost no armour, amphibious, 8 rings, camouflage 1, gelatinous body 1,
(nimble swimmer 1), tentacles
a: no special abilities


You were on level 6 of the Dungeon.
You visited 2 branches of the dungeon, and saw 3 of its levels.

You collected 17 gold pieces.

Inventory:

Hand Weapons
 a - a +0 short sword (weapon)
Wands
 f - a wand of digging (3)
Scrolls
 b - a scroll of fog
 c - a scroll of magic mapping
 d - a scroll of fear
 g - a scroll of immolation {unknown}
 h - a scroll of holy word {unknown}
Potions
 e - a potion of haste


   Skills:
 - Level 3.0 Fighting
 + Level 3.3 Short Blades
 + Level 3.2 Dodging
 + Level 7.7 Stealth


You had 4 spell levels left.
You didn't know any spells.
Your spell library was empty.

Dungeon Overview and Level Annotations

Branches:
Dungeon (6/15)             Temple (1/1) D:5

Altars:
Ashenzari
Cheibriados
Dithmenos
Elyvilon
Fedhas
Gozag
Kikubaaqudgha
Makhleb
Nemelex Xobeh
Qazlal
Ru
Sif Muna
Trog
Uskayaw
Vehumet
Wu Jian
Xom
Yredelemnul


Innate Abilities, Weirdness & Mutations

You cannot wear most types of armour.
You are amphibious.
You can wear up to eight rings at the same time.
Your skin changes colour to match your surroundings (Stealth+).
Your rubbery body absorbs attacks. (AC +1, EV +1)
((You are camouflaged near water. (Stealth+)))
You have tentacles for arms and can constrict up to eight enemies at once.


Message History

You start resting.
HP restored.
A sky beast comes into view.
A sky beast is nearby!
A sky beast is nearby!
A sky beast is nearby!
The sky beast hits you. The sky beast shocks you.
You barely miss the sky beast. The sky beast completely misses you.
You hit the sky beast but do no damage.
The sky beast flickers out of sight!
Deactivating autopickup; reactivate with Ctrl-A.
Something hits you. Something shocks you.
No target in view!
No target in view!
Something hits you. Something shocks you.
Okay, then.
A sky beast appears from thin air!
Reactivating autopickup.
Okay, then.
Okay, then.
The sky beast flickers out of sight!
Deactivating autopickup; reactivate with Ctrl-A.
A sky beast appears from thin air!
Reactivating autopickup.
The sky beast flickers out of sight!
Deactivating autopickup; reactivate with Ctrl-A.
There is a stone staircase leading down here.
Something barely misses you.
You climb downwards.
Reactivating autopickup.
Found 2 fuming purple potions and 15 arrows.
There is a stone staircase leading up here.
Unknown command.
You start resting.
Something hits you. Something shocks you.
Deactivating autopickup; reactivate with Ctrl-A.
Something hits you.
* * * LOW HITPOINT WARNING * * *
Something shocks you.
* * * LOW HITPOINT WARNING * * *
Something hits you.
You die...

#####
#...# .
#...#
.!.##...#
........#
#...@#
#.....#
#.....#
...(.####
..##. . #


There were no monsters in sight!

Vanquished Creatures
  An ogre (D:5)
  A hound (D:5)
  An adder (D:5)
3 creatures vanquished.

Notes
Turn   | Place    | Note
-------+----------+-------------------------------------------
     0 | D:5      | willcat the Octopode Delver began the quest for the Orb.
     0 | D:5      | Reached XP level 1. HP: 16/16 MP: 1/1
    23 | Temple   | Entered the Ecumenical Temple
    94 | D:5      | Reached XP level 2. HP: 16/21 MP: 2/2
   254 | D:5      | Noticed an ogre
   262 | D:5      | Killed an ogre
   263 | D:5      | Reached skill level 7 in Stealth
   263 | D:5      | Reached XP level 3. HP: 26/26 MP: 3/3
   263 | D:5      | Reached XP level 4. HP: 31/31 MP: 4/4
   294 | D:5      | Reached XP level 5. HP: 22/36 MP: 5/5
   428 | D:5      | Noticed a sky beast
   476 | D:6      | Slain by a sky beast

Illustrated notes

Levels and vault maps discovered:
D:5:      layout_basic, minmay_temple_entry_statues_fountains
D:6:      layout_rooms, gammafunk_ghost_hive, minivault_11,
          grunt_decor_mini_mirrors, corexii_hall_statues_s,
          mrwooster_statue_mirror
Temple:   compressed_dpeg_circular_temple

Skill      XL: |  1  2 |
---------------+-------+-----
Short Blades   | 3 |  3.3
Dodging        | 3 |  3.2
Stealth        | 7 |  7.7
Fighting       | |  3.0

Action                   |  1- 3 |  4- 6 || total
-------------------------+-------+-------++-------
Melee: Short sword       |     4 |    11 ||    15
       Constrict         |     1 |     1 ||     2
       Tentacles         |     1 |     1 ||     2
 Stab: Sleeping          |     1 |       ||     1
Dodge: Dodged            |     2 |     9 ||    11

Table legend: (Time is in decaauts)
 A = Elapsed time spent in this place.
 B = Non-inter-level travel time spent in this place.
 C = Inter-level travel time spent in this place.
 D = Time resting spent in this place.
 E = Time spent auto-exploring this place.
 F = Levels seen in this place.
 G = Mean time per level.
                   A        B        C        D        E       F      G
               +--------+--------+--------+--------+--------+-----+--------+
         Total |    475 |    466 |      9 |    109 |    259 |   3 |  158.3 |
       Dungeon |    413 |    412 |      1 |    109 |    220 |   2 |  206.5 |
        Temple |     61 |     53 |      8 |      0 |     39 |   1 |   61.0 |
               +--------+--------+--------+--------+--------+-----+--------+

Top non-repeatable levels by time:
     D:5: 410 daAuts
  Temple: 61 daAuts
     D:6: 2 daAuts
